Map: [ESL] Alcyone

Players

ByuN - Winner!

  • Race: Terran Terran
  • Spawn Location: 7:00

DRG

  • Race: Zerg Zerg
  • Spawn Location: 1:00

VOD

Have the link to the VOD?

Description

Time

  • Played on: Dec. 6, 2023, 6:14 a.m.
  • Length: 9:26
Show
View Real Time Build Order
Export as new Build Order

ByuN Terran - Winner!

Build Orders: Hellion Banshee 

Get SALT Encoding   

  12  0:00  SCV  
  13  0:12  SCV  
  14  0:17  Supply Depot  
  14  0:24  SCV  
  15  0:38  SCV  
  15  0:40  Barracks  
  16  0:43  Refinery  
  16  0:51  SCV  
  17  1:03  SCV  
  18  1:15  SCV  
  19  1:27  Orbital Command, Marine  
  20  1:38  Command Center  
  20  1:50  Factory  
  20  1:52  SCV  
  21  2:02  Barracks Reactor  
  21  2:05  SCV, Refinery  
  22  2:10  Supply Depot  
  22  2:17  SCV  
  23  2:32  SCV  
  23  2:36  Starport  
  24  2:44  SCV  
  25  2:45  Barracks Tech Lab, Hellion  
  25  2:46  Hellion  
  25  2:50  Orbital Command  
  29  2:56  SCV  
  30  3:07  Hellion x2  
  30  3:08  SCV  
  35  3:18  SCV  
  36  3:20  SCV, Banshee  
  36  3:21  Cloaking Field  
  36  3:25  Barracks Tech Lab  
  40  3:30  SCV  
  40  3:32  SCV  
  42  3:35  Supply Depot  
  42  3:43  SCV, Hellion  
  42  3:44  SCV  
  46  3:53  Hellion  
  46  3:56  SCV x2  
  48  4:06  Banshee  
  48  4:08  SCV x2  
  49  4:11  Marine  
  49  4:12  Stimpack  
  48  4:20  SCV x2, Barracks x2  
  50  4:24  Factory Reactor  
  50  4:26  Refinery  
  50  4:27  Engineering Bay  
  50  4:28  Supply Depot  
  50  4:32  SCV  
  50  4:33  SCV  
  52  4:38  Marine  
  52  4:44  SCV  
  54  4:50  SCV  
  54  4:51  Supply Depot  
  53  4:57  SCV, Terran Infantry Weapons Level 1  
  53  4:59  Marine  
  53  5:02  SCV  
  53  5:04  Starport Reactor  
  54  5:09  SCV, Marine x2  
  54  5:13  Supply Depot  
  57  5:14  Supply Depot, SCV  
  57  5:15  Siege Tank  
  57  5:21  Marine x3  
  63  5:26  Marine x2  
  67  5:32  Supply Depot  
  67  5:33  Barracks  
  68  5:36  Barracks  
  68  5:38  Refinery  
  68  5:39  Reaper  
  68  5:40  Marine x2  
  71  5:43  Medivac  
  71  5:44  Marine x2  
  71  5:45  Medivac  
  71  5:49  Supply Depot  
  75  5:51  Supply Depot, Combat Shield  
  75  5:55  Siege Tank  
  75  5:56  SCV x2  
  80  5:57  Marine  
  80  6:03  Marine x3  
  84  6:08  SCV  
  84  6:11  Marine  
  86  6:13  Supply Depot  
  86  6:15  Marine, Medivac  
  86  6:17  Medivac  
  91  6:20  Marine  
  91  6:21  Marine x3  
  91  6:22  Marine  
  96  6:28  Marine  
  97  6:33  Marine  
  97  6:37  Marine  
  97  6:39  Marine  
  100  6:40  Marine  
  100  6:41  Marine x2  
  100  6:46  Marine  
  104  6:51  Marine  
  104  6:52  Terran Infantry Armor Level 1  
  105  6:55  Supply Depot, Marine  
  105  6:57  Marine  
  105  6:58  Marine  
  105  6:59  Marine x2  
  105  7:00  Widow Mine  
  114  7:04  Marine, Medivac  
  114  7:05  Medivac  
  117  7:09  Marine  
  118  7:16  Marine x4  
  118  7:17  Marine  
  118  7:21  Siege Tank  
  126  7:36  Marine  
  126  7:42  Marine  
  126  7:46  Marine x3  
  126  7:58  Supply Depot  
  126  8:11  Marine  
  118  8:20  Siege Tank, Marine x5, Medivac x2  
  118  8:25  Supply Depot  
  114  8:27  SCV x2  
  114  8:28  Marine  
  117  8:37  Marine x2  
  117  8:38  Marine x3  
  117  8:39  SCV  
  116  8:46  Marine  
  117  8:53  Siege Tank  
  114  8:55  Marine x4  
  97  9:11  SCV  
Show
View Real Time Build Order
Export as new Build Order

DRG Zerg 

Build Orders: Hatch First 

Get SALT Encoding   

  12  0:00  Drone  
  13  0:11  Overlord  
  13  0:16  Drone  
  14  0:30  Drone x2  
  16  0:47  Hatchery  
  15  0:50  Drone  
  15  0:54  Drone  
  17  0:58  Drone  
  18  1:08  Extractor  
  17  1:12  Spawning Pool  
  17  1:16  Drone  
  17  1:19  Drone  
  18  1:27  Drone  
  19  1:38  Drone  
  20  1:48  Drone  
  21  1:59  Queen x2  
  21  2:00  Drone x2  
  27  2:10  Overlord  
  27  2:11  Drone  
  27  2:12  Metabolic Boost  
  28  2:29  Drone x2  
  30  2:34  Hatchery  
  30  2:35  Drone x2  
  31  2:41  Queen  
  33  2:45  Overlord  
  33  2:52  Zergling x2  
  33  2:53  Zergling x2  
  33  2:56  Drone  
  36  3:03  Overlord  
  36  3:05  Drone  
  36  3:09  Drone x3  
  36  3:10  Drone x3  
  43  3:21  Queen  
  43  3:22  Drone x2  
  43  3:25  Queen  
  49  3:33  Zergling x4  
  50  3:39  Overlord  
  50  3:42  Overlord  
  50  3:52  Zergling x2  
  46  3:58  Drone  
  46  3:59  Drone x2  
  46  4:00  Drone  
  46  4:02  Drone  
  48  4:04  Drone  
  48  4:07  Drone, Queen  
  50  4:11  Drone  
  50  4:12  Drone x4  
  50  4:15  Spore Crawler x3  
  50  4:16  Drone  
  53  4:22  Drone  
  53  4:23  Drone  
  53  4:24  Drone  
  56  4:27  Queen  
  58  4:32  Zergling x4  
  58  4:34  Overlord  
  58  4:39  Drone x3  
  58  4:43  Zergling x4  
  58  4:44  Drone  
  65  4:45  Drone  
  65  4:50  Drone x2  
  65  4:54  Drone  
  65  4:55  Lair  
  65  4:57  Drone  
  65  4:58  Drone  
  68  5:02  Drone  
  68  5:08  Drone x3  
  68  5:10  Extractor  
  68  5:11  Baneling Nest  
  68  5:13  Drone x5  
  74  5:15  Drone  
  74  5:19  Drone x2  
  74  5:23  Drone  
  74  5:27  Drone  
  76  5:29  Drone  
  76  5:30  Extractor x2  
  75  5:36  Overlord  
  75  5:37  Drone x4  
  75  5:40  Drone x2  
  81  5:46  Hatchery  
  81  5:47  Overlord x3  
  80  5:57  Centrifugal Hooks  
  80  6:00  Drone x2, Evolution Chamber  
  80  6:01  Drone, Extractor  
  80  6:02  Drone x3, Evolution Chamber  
  83  6:04  Zergling x6  
  83  6:07  Zergling x6  
  83  6:10  Zergling x2  
  83  6:11  Zergling x4  
  92  6:12  Zergling x2  
  92  6:13  Zergling x2  
  92  6:15  Zergling x2  
  92  6:18  Queen  
  94  6:21  Zergling x4  
  94  6:23  Queen  
  94  6:24  Overseer  
  100  6:27  Zergling x2  
  100  6:28  Overlord  
  100  6:30  Zerg Melee Weapons Level 1  
  101  6:33  Zerg Ground Armor Level 1  
  101  6:39  Baneling x10  
  101  6:40  Overlord  
  101  6:44  Zergling x4  
  101  6:45  Zergling x4  
  105  6:50  Zergling x10  
  105  6:52  Baneling x5  
  110  6:58  Zergling x10  
  115  7:02  Zergling x8  
  115  7:06  Baneling x2  
  120  7:08  Zergling x8  
  120  7:13  Zergling x6  
  120  7:15  Baneling x4  
  126  7:17  Zergling x2  
  126  7:18  Zergling x2  
  126  7:21  Overlord x2  
  128  7:22  Spore Crawler  
  128  7:23  Overlord  
  128  7:27  Overlord  
  127  7:34  Overlord  
  122  7:38  Zergling x14  
  122  7:39  Baneling x3  
  122  7:41  Zergling x2  
  124  7:48  Zergling x8  
  126  7:52  Zergling x4  
  126  7:55  Zergling x4  
  130  7:59  Zergling x2  
  130  8:00  Zergling x4  
  130  8:02  Baneling x6  
  130  8:04  Zergling x6  
  136  8:09  Zergling x2  
  132  8:17  Zergling x2  
  132  8:18  Zergling x6  
  121  8:24  Zergling x4  
  109  8:28  Zergling x2  
  109  8:32  Zergling x4  
  110  8:39  Zergling x2  
  100  8:42  Queen, Zergling x4  
  97  8:51  Zergling x2  
  86  8:57  Zergling x4  
  86  9:02  Zergling x2  
  71  9:04  Zergling x2  
Tags
 
Composition
Hellion Banshee
Matchup
TvZ
Player
ByuNDRG
Replay Pack
December 2023
Spawn Locations
Cross Positions
Add a new tag
Caveats
  • Supply blocks, unpowered buildings, or Contaminate may cause inaccurate times.
  • Supply counts are checked every 10 seconds.